AoeStats
← kreegz

Arabia

509681377Analyzed
1v1 RM · 4d ago on Sep 27, 2026· 43m 43s· 2 players
Game mode
Random Map
Map size
Tiny (2 player)
Population
200
Speed
Normal
Resources
Standard
Victory
Conquest
Starting age
Dark Age
Ending age
Imperial Age
RankedLock teamsTeams togetherTeam positionsShared explorationLock speedFull tech treeHidden civsTurbo modeCheats
Victory
Defeat
🇬🇧 Vietnamese · United Kingdom
1066
+17
🇺🇸 Slavs · United States
1090
-17
Cspar
7:22 Loom
10:27 Feudal Age
10:34 Man-at-Arms
12:55 Double-Bit Axe
20:51 Castle Age
19:14 Horse Collar
19:28 Fletching
20:40 Padded Archer Armor
22:40 Bow Saw
22:30 Bodkin Arrow
22:22 Crossbowman
26:36 Town Watch
30:01 Light Cavalry
30:51 Bloodlines
33:08 Wheelbarrow
34:20 Ballistics
39:53 Imperial Age
38:31 Heavy Plow
39:18 Light Cavalry
40:09 Bloodlines
40:06 Scale Barding Armor
39:57 Arbalester
40:44 Bracer
41:09 Thumb Ring
41:18 Thumb Ring
42:21 Crop Rotation
42:55 Two-Man Saw
43:16 Chain Barding Armor
43:31 Forging
44:49 Chemistry
kreegz
10:11 Feudal Age
8:40 Loom
10:58 Double-Bit Axe
11:02 Horse Collar
14:45 Man-at-Arms
23:43 Castle Age
23:20 Fletching
24:21 Elite Skirmisher
25:36 Bow Saw
25:28 Bodkin Arrow
36:37 Wheelbarrow
39:42 Imperial Age
40:38 Padded Archer Armor
41:37 Ballistics
42:22 Capped Ram
Connection lost

Rejoining the realm…

Still unreachable

The connection could not be restored.

Session expired

The server has moved on; the page needs a fresh start.